 Dungeon Crawl Stone Soup version 0.28.0-45-g0d030f2227 (webtiles) character file.

Game seed: 14035205926773014653

4 Bruhh the Skirmisher (level 1, -3/14 HPs)
             Began as a Gargoyle Fighter on Apr 20, 2022.
             Frozen to death by an endoplasm (5 damage)
             ... on level 1 of the Dungeon.
             The game lasted 00:00:21 (41 turns).

Bruhh the Skirmisher (Gargoyle Fighter)               Turns: 41, Time: 00:00:21

Health: -3/14      AC:  9    Str: 19    XL:     1   Next: 60%
Magic:  1/1        EV:  9    Int:  8    God:
Gold:   0          SH:  4    Dex:  9    Spells: 0/0 levels left

rFire   . . .      SeeInvis .   a - +0 rapier
rCold   . . .      Faith    .   c - +0 buckler
rNeg    + . .      Spirit   .   b - +0 scale mail
rPois   ∞          Reflect  .   (no helmet)
rElec   +          Harm     .   (no cloak)
rCorr   .          Rampage  .   (no gloves)
Will    .....                   (no boots)
Stlth   ..........              (no amulet)
HPRegen 0.04/turn               (no ring)
MPRegen 0.07/turn               (no ring)

@: no status effects
A: sickness immunity, AC +2, negative energy resistance 1, electricity
resistance, torment resistance 1, petrification resistance
a: no special abilities


You were on level 1 of the Dungeon.
You visited 1 branch of the dungeon, and saw 1 of its levels.

Inventory:

Hand Weapons
 a - a +0 rapier (weapon)
Armour
 b - a +0 scale mail (worn)
 c - a +0 buckler (worn)
Potions
 d - a potion of might


   Skills:
 * Level 3.6 Fighting
 - Level 1.7 Short Blades
 - Level 3.2 Armour
 - Level 3.2 Shields


You couldn't memorise any spells.
You didn't know any spells.
Your spell library was empty.

Dungeon Overview and Level Annotations

Branches:
Dungeon (1/15)

Altars:


Innate Abilities, Weirdness & Mutations

You are immune to sickness and miasma.
Your stone body is resilient. (AC +2)
You are immune to poison.
You resist negative energy. (rN+)
You are resistant to electric shocks. (rElec)
You are resistant to unholy torment.
You are immune to petrification.


Message History

You are too injured to fight recklessly!
You are too injured to fight recklessly!
You are too injured to fight recklessly!
You are too injured to fight recklessly!
You are too injured to fight recklessly!
You are too injured to fight recklessly!
You are too injured to fight recklessly!
You are too injured to fight recklessly!
You are too injured to fight recklessly!
You are too injured to fight recklessly!
You are too injured to fight recklessly!
You are too injured to fight recklessly!
You are too injured to fight recklessly!
You are too injured to fight recklessly!
You are too injured to fight recklessly!
You are too injured to fight recklessly!
You are too injured to fight recklessly!
You are too injured to fight recklessly!
You are too injured to fight recklessly!
You are too injured to fight recklessly!
You are too injured to fight recklessly!
You are too injured to fight recklessly!
You are too injured to fight recklessly!
You are too injured to fight recklessly!
You are too injured to fight recklessly!
The endoplasm freezes you.
You are frozen.
* * * LOW HITPOINT WARNING * * *
You hit the endoplasm.
The endoplasm is moderately wounded.
The endoplasm hits you but does no damage.
You hit the endoplasm.
You kill the endoplasm!
The hobgoblin misses you.
You hit the endoplasm.
The endoplasm is moderately wounded.
The hobgoblin hits you but does no damage.
The endoplasm freezes you.
You are frozen.
You die...

#..^..................####..##.
#...8...8.............#........
#..........#########..#........
#.⌠......⌠.#≈≈≈≈≈≈≈#...........
#.....<....#≈≈≈≈≈≈≈#...........
#.⌠......⌠.#≈≈≈S≈≈≈#...........
#..........#########..#)......#
#...8...8.......g.....#.......#
#..............@J.....#.#..####
#######################.#..#
#...## #.. . #.. .


You could see an electric eel, an endoplasm and a hobgoblin.

Vanquished Creatures
  An endoplasm (D:1)
  A giant cockroach (D:1)
  A ball python (D:1)
  A kobold (D:1)
4 creatures vanquished.

Notes
Turn   | Place    | Note
-------+----------+-------------------------------------------
     0 | D:1      | Bruhh the Gargoyle Fighter began the quest for the Orb.
     0 | D:1      | Reached XP level 1. HP: 14/14 MP: 1/1
     1 | D:1      | Noticed an electric eel
    41 | D:1      | Frozen to death by an endoplasm

Illustrated notes

Levels and vault maps discovered:
D:1:      arrival_aquarium_a, layout_rooms, minmay_hexomino_p4

Action                   || total
-------------------------++-------
Melee: Rapier            ||    16
Armor: Scale mail        ||    12
Dodge: Dodged            ||    11
Block: Buckler           ||     7
